 Dungeon Crawl Stone Soup version 0.22-a0-422-g9628fc8 (webtiles) character file.

40 Kairos the Skirmisher (level 3, -1/20 HPs)
             Began as a Vine Stalker Fighter on May 17, 2018.
             Slain by an adder (2 damage)
             ... on level 2 of the Dungeon.
             The game lasted 00:01:33 (744 turns).

Kairos the Skirmisher (Vine Stalker Fighter)         Turns: 744, Time: 00:01:33

Health: -1/20      AC:  6    Str: 19    XL:     3   Next: 50%
Magic:  0/4        EV:  7    Int:  8    God:
Gold:   81         SH:  9    Dex: 13    Spells: 2/2 levels left

rFire    + . .     SeeInvis .   a - +0 war axe
rCold    x . .     Gourm    .   c - +0 shield
rNeg     . . .     Faith    .   b - +0 scale mail
rPois    .         Spirit   +   (no helmet)
rElec    .         Reflect  .   (no cloak)
rCorr    .         Harm     .   (no gloves)
MR       .....                  (no boots)
Stlth    ..........             (no amulet)
HPRegen  0.06/turn              j - ring of fire
MPRegen  0.09/turn              o - ring of flight

@: no status effects
A: fangs 2, talons 1, magic shield, antimagic bite, no potion heal 3, rot
immunity
a: Evoke Flight


You were on level 2 of the Dungeon.
You were not hungry.

You visited 1 branch of the dungeon, and saw 2 of its levels.

You collected 81 gold pieces.

Inventory:

Hand Weapons
 a - a +0 war axe (weapon)
Armour
 b - a +0 scale mail (worn)
 c - a +0 shield (worn)
Jewellery
 j - a ring of fire (left hand)
 o - a ring of flight (right hand)
Scrolls
 i - a scroll of teleportation {unknown}
 k - a scroll of random uselessness {unknown}
 m - a scroll of remove curse {unknown}
 p - 2 scrolls of amnesia {unknown}
Potions
 d - 2 potions of might
 e - a potion of mutation
 h - a potion of flight
 n - a potion of heal wounds
Comestibles
 f - 3 rations


   Skills:
 + Level 3.2 Fighting
 + Level 2.4 Axes
 + Level 2.5 Armour
 + Level 0.1 Dodging
 + Level 3.0 Shields


You had 2 spell levels left.
You didn't know any spells.
Your spell library was empty.

Dungeon Overview and Level Annotations

Branches:
Dungeon (2/15)

Altars:
Nemelex Xobeh


Innate Abilities, Weirdness & Mutations

You have extremely sharp teeth.
When hurt, damage is shared between your health and your magic reserves.
Your bite disrupts and absorbs the magic of your enemies.
Potions cannot restore your health.
You are immune to rotting.
You have sharp toenails.


Message History

It was a potion of mutation.
You feel extremely strange.
You feel nature experimenting on you.
Don't worry, failures die fast.
Nature stops experimenting on you.
Your toenails lengthen and sharpen.
You block the adder's attack. x2
It was a potion of flight.
You feel very buoyant.
You fly up into the air.
You block the adder's attack.
It was a potion of heal wounds.
That seemed strangely inert.
* * * LOW HITPOINT WARNING * * *
You feel sick. You block the adder's attack.
It was a potion of cancellation.
Your magical effects are unravelling.
You feel magically purged.
You float gracefully downwards.
The adder barely misses you. The adder bites you.
It was a potion of curing.
Your system rejects the healing.
You feel better. The adder bites you.
You barely miss the adder. You claw the adder, but do no damage.
The adder is severely wounded.
The adder bites you.
You die...

#.# #.# #.#
#.# #.# #.#
#.#
.#######.#.#
......S@...#
########.###
#... #.###
###


You could see an adder.

Vanquished Creatures
  A worm (D:2)
  2 leopard geckos (D:2)
  5 bats
  2 giant cockroaches (D:1)
  3 hobgoblins (D:1)
  3 kobolds
  A quokka (D:2)
  3 frilled lizards
  9 goblins
  3 rats (D:1)
32 creatures vanquished.

Notes
Turn   | Place    | Note
-------+----------+-------------------------------------------
     0 | D:1      | Kairos the Vine Stalker Fighter began the quest for the Orb.
     0 | D:1      | Reached XP level 1. HP: 11/11 MP: 2/2
   170 | D:1      | Reached XP level 2. HP: 12/16 MP: 3/3
   255 | D:1      | Found a sparkling altar of Nemelex Xobeh.
   542 | D:2      | Reached XP level 3. HP: 19/20 MP: 4/4
   739 | D:2      | Gained mutation: You evolve. [potion of mutation]
   739 | D:2      | Lost mutation: You evolve. [potion of mutation]
   739 | D:2      | Gained mutation: You have sharp toenails. [potion of mutation]
   741 | D:2      | HP: 1/20 [poisoned by an adder]
   744 | D:2      | Slain by an adder

Vault maps used:
D:1:      enne_arrival_octagon_isle, palyth_stone_intersect,
          minmay_misc_feat_pillars, nemelex_altar_shiori
D:2:      guppyfry_early_orc_mine

Skill      XL: |  1  2 |
---------------+-------+-----
Axes           | 2 |  2.4
Fighting       | 3 |  3.2
Shields        | 3 |  3.0
Armour         | |  2.5
Dodging        | |  0.1

Action                   || total
-------------------------++-------
Melee: War axe           ||    91
       Bite              ||    20
       Kick              ||     1
  Use: Potion            ||     5
Armor: Scale mail        ||    50
Dodge: Dodged            ||    34
Block: Shield            ||    48

Table legend:
 A = Spawn XP
 B = Non-spawn XP
 C = Spawn XP percentage of total XP
 D = Spawn monster count
 E = Non-spawn monster count
 F = Spawn count percentage of total count
 G = Total turns spent on level
                    A         B        C        D         E        F      G
               +---------+---------+-------+---------+---------+-------+---------
         Total |       0 |      58 |   0.0 |       0 |      32 |   0.0 |   744
               +---------+---------+-------+---------+---------+-------+---------
           D:1 |       0 |      28 |   0.0 |       0 |      18 |   0.0 |   526
           D:2 |       0 |      30 |   0.0 |       0 |      14 |   0.0 |   218
               +---------+---------+-------+---------+---------+-------+---------
